 Dungeon Crawl Stone Soup version 0.30-a0-840-ga523dec638 (webtiles) character file.

Game seed: 2987649482124699267

11 jimonade the Stinger (level 2, -1/11 HPs)
             Began as a Felid Venom Mage on Mar 1, 2023.
             Slain by an adder (2 damage)
             ... on level 2 of the Dungeon.
             The game lasted 00:01:22 (1257 turns).

jimonade the Stinger (Felid Venom Mage)             Turns: 1257, Time: 00:01:23

Health: -1/11      AC:  1    Str:  4    XL:     2   Next: 13%
Magic:  1/6        EV: 17    Int: 16    God:
Gold:   49         SH:  0    Dex: 16    Spells: 4/5 levels left
                                        Lives:  0   Deaths: 0

rFire   . . .      SeeInvis +    (weapon unavailable)
rCold   . . .      Faith    .    (shield unavailable)
rNeg    . . .      Spirit   .    (body armour unavailable)
rPois   .          Reflect  .    (helmet unavailable)
rElec   .          Harm     .    (cloak unavailable)
rCorr   .          Rampage  .    (gloves unavailable)
Will    .....                    (boots unavailable)
Stlth   ++                       (no amulet)
HPRegen 0.21/turn                (no ring)
MPRegen 0.10/turn                (no ring)

@: lethally poisoned (-1 -> -7), very slightly contaminated, quick
A: very small, claws 1, fangs 3, see invisible, speed 1, shaggy fur 1, stealthy
paws, no weapons or thrown items, no armour, multi-lived
a: no special abilities


You were on level 2 of the Dungeon.
You visited 1 branch of the dungeon, and saw 2 of its levels.

You collected 49 gold pieces.

Inventory:

Jewellery
 k - a ring of fire
Scrolls
 b - a scroll of noise {unknown}
 c - a scroll of fog {unknown}
 f - a scroll of fear {unknown}
 g - a scroll of teleportation {unknown}
 h - a scroll of poison {unknown}
 j - a scroll of enchant weapon {unknown}
Potions
 a - a potion of magic
 d - a potion of cancellation {unknown}
 e - 2 potions of flight {unknown}
 i - a potion of curing {unknown}
 l - a potion of degeneration {unknown}
 m - a potion of attraction {unknown}


   Skills:
 + Level 2.8 Dodging
 + Level 2.8 Stealth
 + Level 2.2 Spellcasting
 - Level 1.1 Transmutations
 + Level 3.0 Poison Magic


You had 4 spell levels left.
You knew the following spells:

 Your Spells              Type           Power      Damage    Failure   Level
a - Sting                 Tmut/Pois      32%        1d4       9%          1

Your spell library contained the following spells:

 Spells                   Type           Power      Damage    Failure   Level
 Poisonous Vapours        Pois/Air       12%        N/A       16%         2
 Mephitic Cloud           Conj/Pois/Air  5%         N/A       38%         3
 Olgreb's Toxic Radiance  Pois           11%        N/A       50%         4


Dungeon Overview and Level Annotations

Branches:
Dungeon (2/15)

Altars:


Innate Abilities, Weirdness & Mutations

You have sharp claws.
You have razor-sharp teeth.
You have supernaturally acute eyesight. (SInv)
You cover ground quickly. (Speed+)
You are covered in fur. (AC +1)
Your paws help you pounce on unaware monsters.
You are incapable of wielding weapons or throwing items.
You cannot wear armour.
You gain extra lives every three experience levels.


Message History

You see here 2 curare-tipped darts.
There is a stone staircase leading down here.
You climb downwards.
Found a fuming brown potion.
Found a stone staircase leading up.
There is a stone staircase leading up here.
Found 9 stones and a dagger.
l - a fuming brown potion
There are no items here.
You see here 9 stones.
You see here a +0 dagger.
You now have 49 gold pieces (gained 11).
Found 3 poisoned darts.
An adder comes into view.
The adder moves out of view.
m - a viscous brown potion The adder hisses angrily.
You can't see any susceptible monsters within range! (Use Z to cast anyway.)
The sting misses the adder.
The sting hits the adder but does no damage.
The adder is poisoned.
You miscast Sting.
You are very lightly contaminated with residual magic.
Nothing appears to happen.
The adder closely misses you. The adder bites you.
The sting misses the adder.
The adder bites you.
You are poisoned.
The adder poisons you!
The sting hits the adder.
The adder looks even sicker.
The adder is lightly wounded.
You feel sick. The adder bites you.
You are lethally poisoned!
The adder poisons you!
You barely miss the adder.
The adder is heavily wounded.
* * * LOW HITPOINT WARNING * * *
You feel sick. The adder misses you. The adder closely misses you.
You miss the adder.
The adder is heavily wounded.
* * * LOW HITPOINT WARNING * * *
You feel sick. The adder bites you.
You die...

#. #####. ......#
.......#######
#S@.....# ##...##.#
#..###.# #..# #.# ##
#..# #.# #. .. ##..#
#.##########.
#..#####..##
#..........)(
#.......##
############.
##..(..##############
#.


You could see an adder (very poisoned).

Vanquished Creatures
  2 endoplasms (D:1)
  2 goblins (D:1)
  A hobgoblin (D:1)
  A ball python (D:1)
  2 kobolds (D:1)
  3 rats (D:1)
11 creatures vanquished.

Notes
Turn   | Place    | Note
-------+----------+-------------------------------------------
     0 | D:1      | jimonade the Felid Venom Mage began the quest for the Orb.
     0 | D:1      | Reached XP level 1. HP: 7/7 MP: 4/4
   265 | D:1      | Found a faded altar of an unknown god.
   415 | D:1      | Reached skill level 3 in Poison Magic
   652 | D:1      | Reached XP level 2. HP: 11/11 MP: 4/6
  1257 | D:2      | Slain by an adder

Illustrated notes

Levels and vault maps discovered:
D:1:      dpeg_arrival_circle_labyrinth_c, layout_basic,
          ebering_ecumenical_altar_box
D:2:      layout_loops_ring, minivault_11, kennysheep_jessica_study,
          uniq_crazy_yiuf_cottage

Skill      XL: |  1 |
---------------+----+-----
Poison Magic   | 3 |  3.0
Dodging        | |  2.8
Stealth        | |  2.8
Spellcasting   | |  2.2
Transmutations | |  1.1

Action                     || total
---------------------------++-------
  Melee: Unarmed           ||     4
   Cast: Sting             ||    21
  Dodge: Dodged            ||     5

Table legend: (Time is in decaauts)
 A = Elapsed time spent in this place.
 B = Non-inter-level travel time spent in this place.
 C = Inter-level travel time spent in this place.
 D = Time resting spent in this place.
 E = Time spent auto-exploring this place.
 F = Levels seen in this place.
 G = Mean time per level.
                   A        B        C        D        E       F      G
               +--------+--------+--------+--------+--------+-----+--------+
         Total |   1040 |    949 |     91 |     31 |    765 |   2 |  520.0 |
       Dungeon |   1040 |    949 |     91 |     31 |    765 |   2 |  520.0 |
               +--------+--------+--------+--------+--------+-----+--------+

Top non-repeatable levels by time:
     D:1: 966 daAuts
     D:2: 74 daAuts
